 Dungeon Crawl Stone Soup version 0.30-a0-782-ge64f9170bb (webtiles) character file.

Game seed: 2507135217062062545

163 mopl the Ruffian (level 5, -11/37 HPs)
             Began as a Formicid Transmuter on Mar 6, 2023.
             Mangled by Edmund
             ... wielding a +1 dire flail of holy wrath
              (12 damage)
             ... on level 4 of the Dungeon.
             The game lasted 00:04:53 (2369 turns).

mopl the Ruffian (Formicid Transmuter)              Turns: 2369, Time: 00:04:54

Health: -11/37     AC:  2    Str: 16    XL:     5   Next: 72%
Magic:  4/10       EV: 19    Int: 13    God:
Gold:   52         SH:  5    Dex: 19    Spells: 4/10 levels left

rFire   . . .      SeeInvis .      - Unarmed
rCold   . . .      Faith    .    (shield currently unavailable)
rNeg    . . .      Spirit   .    (body armour currently unavailable)
rPois   .          Reflect  +    (helmet unavailable)
rElec   .          Harm     .    (cloak currently unavailable)
rCorr   .          Rampage  .    (gloves currently unavailable)
Will    .....                    (boots currently unavailable)
Stlth   ++                       e - amulet of reflection
HPRegen 0.26/turn                f - ring of poison resistance
MPRegen 0.12/turn                (no ring)

@: spider-form (expiring)
A: venomous fangs, permanent stasis, dig shafts and tunnels, tiny, (antennae 3),
four strong arms
a: End Transformation


You were on level 4 of the Dungeon.
You were a venomous arachnid creature.
You visited 1 branch of the dungeon, and saw 4 of its levels.

You collected 102 gold pieces.
You spent 50 gold pieces at shops.

Inventory:

Missiles
 o - 5 poisoned darts
 y - 5 silver javelins
Armour
 a - a +0 robe (melded)
 m - a +2 pair of boots (melded)
Jewellery
 e - an amulet of reflection (around neck)
 f - a ring of poison resistance (left front pincers)
 s - a ring of positive energy
Scrolls
 g - 3 scrolls of teleportation
 i - a scroll of torment {unknown}
 j - a scroll of enchant weapon {unknown}
 k - a scroll of poison {unknown}
 n - a scroll of blinking {unknown}
 p - a scroll of fog {unknown}
 q - a scroll of noise {unknown}
 t - a scroll of brand weapon {unknown}
 v - 2 scrolls of magic mapping {unknown}
 A - a scroll of enchant armour {unknown}
Potions
 b - a potion of lignification {!q}
 c - a potion of haste
 d - a potion of berserk rage {unknown}
 h - 4 potions of heal wounds {unknown}
 l - a potion of mutation {!q}
 r - a potion of magic
 u - a potion of ambrosia {unknown}
 w - a potion of flight {unknown}
 x - 2 potions of attraction {unknown}
 z - a potion of curing {unknown}


   Skills:
 - Level 1.1 Fighting
 - Level 1.7 Dodging
 + Level 4.0 Unarmed Combat
 + Level 3.4 Spellcasting
 + Level 3.7 Transmutations
 - Level 2.0 Poison Magic


You had 4 spell levels left.
You knew the following spells:

 Your Spells              Type           Power      Damage    Failure   Level
a - Beastly Appendage     Tmut           22%        N/A       14%         1
b - Spider Form           Tmut/Pois      9%         N/A       41%         3
w - Wereblood             Tmut           11%        N/A       21%         2

Your spell library contained the following spells:

 Spells                   Type           Power      Damage    Failure   Level
 Lesser Beckoning         Tloc           4%         N/A       54%         2
 Momentum Strike          Conj/Tloc      4%         3d8       54%         2
 Scorch                   Fire           4%         2d5       54%         2
 Gell's Gravitas          Tloc           2%         N/A       75%         3
 Teleport Other           Tloc           2%         N/A       75%         3
 Ice Form                 Ice/Tmut       7%         N/A       87%         4
 Flame Wave               Conj/Fire      2%         2d4       98%         4
 Dispersal                Tloc           1%         N/A       100%        6
 Summon Cactus Giant      Summ           1%         N/A       100%        6
 Blink                    Tloc           Unusable   N/A       N/A         2

Dungeon Overview and Level Annotations

Branches:
Dungeon (4/15)
 Temple: D:4-7

Altars:
Gozag
The Shining One

Shops:
D:2 [[[   D:3 *

Annotations:
D:4 Edmund, Menkaure


Innate Abilities, Weirdness & Mutations

You are a venomous arachnid creature.
You have venomous fangs.
You are tiny and dextrous.
Your spellcasting is less reliable in this form.
Your armour is entirely melded.
You are incapable of wielding weapons or throwing items.
You cannot be hasted, slowed, berserked, paralysed or teleported.
You can dig through walls and to a lower floor.
((You have a pair of large antennae on your head. (SInv)))
Your four strong arms can wield two-handed weapons with a shield.


Message History

Casting: Spider Form (quite dangerous; 21% risk of failure)
Confirm with . or Enter, or press ? or * to list all spells.
The spell is quite dangerous to miscast (21% risk of failure)!
Continue anyway?
You turn into a venomous arachnid creature.
Your +2 pair of boots melds into your body.
Your +0 robe melds into your body.
You barely miss Edmund. Edmund completely misses you.
You barely miss Edmund. Edmund misses you.
You hit Edmund but do no damage.
Edmund is poisoned.
Your transformation is almost over.
Edmund hits you with a +1 dire flail of holy wrath!
You hit Edmund but do no damage.
Edmund looks even sicker.
Edmund barely misses you.
You hit Edmund but do no damage.
Edmund looks as sick as possible!
Edmund is lightly wounded.
Edmund hits you with a +1 dire flail of holy wrath!
You are too injured to fight recklessly!
You are too injured to fight recklessly!
You are too injured to fight recklessly!
You barely miss Edmund.
Edmund is lightly wounded.
Edmund misses you.
You hit Edmund.
Edmund is lightly wounded.
Edmund closely misses you.
You hit Edmund but do no damage.
Edmund is moderately wounded.
Edmund hits you with a +1 dire flail of holy wrath!
* * * LOW HITPOINT WARNING * * *
Your magical contamination has completely faded away.
You hit Edmund but do no damage.
Edmund looks as sick as possible!
Edmund is moderately wounded.
Edmund misses you.
You hit Edmund.
Edmund looks as sick as possible!
Edmund is moderately wounded.
Edmund hits you with a +1 dire flail of holy wrath.
* * * LOW HITPOINT WARNING * * *
Edmund attacks as you move away!
Edmund hits you with a +1 dire flail of holy wrath!
You die...

#..#### #....<[ #
###########.#### #.
...##...##.#### ####.#
..............
....[.#####.##...#######
#.........##...## #
#@..........#
#s######....# #.# ##)#.#
#.# #.#.# ...######.#.#
{ ........#.#.#
##.........#.# ###
#.#####.###.# #.. #.#
#.# #.# #.# #.# #.# #.#


You could see Edmund (extremely poisoned).

Vanquished Creatures
  Blork the orc (D:4)
  4 adders
  3 worms
  2 dart slugs
  2 orcs (D:4)
  A bat (D:3)
  An endoplasm (D:1)
  4 giant cockroaches
  7 goblins
  5 hobgoblins
  5 kobolds
  2 quokkas
  A ball python (D:2)
  4 frilled lizards
  4 rats
46 creatures vanquished.

Notes
Turn   | Place    | Note
-------+----------+-------------------------------------------
     0 | D:1      | mopl the Formicid Transmuter began the quest for the Orb.
     0 | D:1      | Reached XP level 1. HP: 15/15 MP: 3/3
   213 | D:1      | Reached XP level 2. HP: 17/21 MP: 5/5
   238 | D:1      | Learned a level 2 spell: Wereblood
   981 | D:2      | Reached XP level 3. HP: 26/26 MP: 0/7
  1010 | D:2      | Reached skill level 3 in Transmutations
  1071 | D:2      | Found Rud Wire's Antique Armour Boutique.
  1084 | D:2      | Found an opulent altar of Gozag.
  1177 | D:2      | Reached XP level 4. HP: 18/32 MP: 8/8
  1252 | D:2      | Reached skill level 3 in Spellcasting
  1256 | D:2      | Learned a level 3 spell: Spider Form
  1284 | D:2      | Found Opnouddy's Antique Armour Boutique.
  1405 | D:2      | Found Esamp's Antique Armour Boutique.
  1540 | D:3      | Reached skill level 1 in Poison Magic
  1612 | D:3      | Found Iniczof's General Store.
  1631 | D:3      | Bought a scroll of identify for 20 gold pieces
  1793 | D:3      | Found a glowing golden altar of the Shining One.
  2093 | D:3      | Bought a scroll of teleportation for 30 gold pieces
  2121 | D:4      | Noticed Menkaure
  2121 | D:4      | Noticed a scorpion
  2276 | D:4      | Noticed Blork the orc
  2298 | D:4      | Killed Blork the orc
  2299 | D:4      | Reached skill level 4 in Unarmed Combat
  2299 | D:4      | Reached skill level 2 in Poison Magic
  2299 | D:4      | Reached XP level 5. HP: 37/37 MP: 2/10
  2355 | D:4      | Noticed Edmund
  2367 | D:4      | HP: 1/37 [Edmund/+1 dire flail of holy wrath (6)]
  2369 | D:4      | Mangled by Edmund

Illustrated notes

Levels and vault maps discovered:
D:1:      dpeg_arrival_yet_another_circle, layout_loops_corners
D:2:      layout_rooms, basic_altar, serial_shops, shop, shop, shop,
          grunt_decor_cap
D:3:      layout_rooms, nicolae_tso_swordbearing_angel, serial_shops,
          shop_fountains
D:4:      layout_loops_ring, nicolae_overflow_hidden_temple, uniq_blork_the_orc,
          uniq_edmund, uniq_robin, uniq_menkaure

Skill      XL: |  1  2  3  4 |
---------------+-------------+-----
Transmutations | 3 |  3.7
Spellcasting   | 3 |  3.4
Poison Magic   | 2 |  2.0
Unarmed Combat | 4 |  4.0
Fighting       | |  1.1
Dodging        | |  1.7

Action                     |  1- 3 |  4- 6 || total
---------------------------+-------+-------++-------
  Melee: Unarmed           |    84 |    97 ||   181
         Kick              |    19 |     9 ||    28
         Punch             |       |     3 ||     3
   Cast: Beastly Appendage |    16 |     8 ||    24
         Wereblood         |     1 |     1 ||     2
         Spider Form       |       |     2 ||     2
    Use: Scroll            |       |     3 ||     3
   Stab: Sleeping          |     1 |       ||     1
 Armour: Robe              |     7 |     6 ||    13
  Dodge: Dodged            |    42 |    43 ||    85
  Block: Other             |    14 |    17 ||    31
         Reflection        |     1 |     1 ||     2

Table legend: (Time is in decaauts)
 A = Elapsed time spent in this place.
 B = Non-inter-level travel time spent in this place.
 C = Inter-level travel time spent in this place.
 D = Time resting spent in this place.
 E = Time spent auto-exploring this place.
 F = Levels seen in this place.
 G = Mean time per level.
                   A        B        C        D        E       F      G
               +--------+--------+--------+--------+--------+-----+--------+
         Total |   2356 |   2158 |    198 |    121 |   1587 |   4 |  589.0 |
       Dungeon |   2356 |   2158 |    198 |    121 |   1587 |   4 |  589.0 |
               +--------+--------+--------+--------+--------+-----+--------+

Top non-repeatable levels by time:
     D:1: 924 daAuts
     D:3: 765 daAuts
     D:2: 510 daAuts
     D:4: 155 daAuts
